Kradschützen Motorcycle Team
Construct Light Support Kompanie
Selects Panzerjäger Kommand Battlegroup
Selects GrB 39 Grenade Launcher Requisition
Panzerjäger Mechanized Group
Construct Mechanized Kompanie
Marder III Tank Destroyer
Marder III Tank Destroyer
Selects Butterfly Bomb Drop
Construct Panzerarmee Kommand
Selects Crew Shock Tactics
Walking Stuka Rocket Launcher
Selects Elefant Tank Destroyer
Marder III Tank Destroyer
Marder III Tank Destroyer
Marder III Tank Destroyer
18-tonne Recovery Half-track
Marder III Tank Destroyer
Marder III Tank Destroyer
Marder III Tank Destroyer
Walking Stuka Rocket Launcher